 Dungeon Crawl Stone Soup version 0.21.1-1-g345015f (webtiles) character file.

84 Merlin the Cudgeler (level 4, -17/36 HPs)
             Began as a Demonspawn Chaos Knight on June 18, 2018.
             Engulfed by a cloud of flame (19 damage)
             ... on level 3 of the Dungeon.
             The game lasted 00:05:55 (1200 turns).

Merlin the Cudgeler (Demonspawn Chaos Knight)       Turns: 1200, Time: 00:05:56

Health: -17/36     AC:  6    Str: 13    XL:     4   Next: 23%
Magic:  4/4        EV: 11    Int: 13    God:    Xom [..*...]
Gold:   55         SH:  0    Dex: 13    Spells: 3/3 levels left

rFire    . . .     SeeInvis .   a - +2 mace (chaos)
rCold    . . .     Gourm    .   (no shield)
rNeg     . . .     Faith    .   b - +2 leather armour
rPois    .         Spirit   .   (helmet restricted)
rElec    .         Reflect  .   (no cloak)
rCorr    .         Harm     .   (no gloves)
MR       .....                  g - +0 pair of boots
Stlth    +.........             (no amulet)
HPRegen  0.12/turn              (no ring)
MPRegen  0.09/turn              (no ring)

@: no status effects
A: claws 1, horns 1, talons 1
a: Renounce Religion


You were on level 3 of the Dungeon.
You worshipped Xom.
You were a toy of Xom.
You were hungry.

You visited 1 branch of the dungeon, and saw 3 of its levels.

You collected 55 gold pieces.

Inventory:

Hand Weapons
 a - a +2 mace of chaos (weapon)
 f - a +0 hunting sling
Armour
 b - a +2 leather armour (worn)
 e - a +0 ring mail
 g - a +0 pair of boots (worn)
Jewellery
 n - an uncursed ring of positive energy {unknown}
Scrolls
 d - a scroll of teleportation {unknown}
 k - a scroll of enchant armour {unknown}
 l - a scroll of amnesia {unknown}
Potions
 h - a potion of agility {unknown}
 j - 2 potions of heal wounds {unknown}
 o - a potion of brilliance {unknown}
Comestibles
 c - 4 rations
 m - 4 chunks of flesh


   Skills:
 + Level 3.6 Fighting
 + Level 3.9 Maces & Flails
 + Level 2.1 Armour
 + Level 1.3 Dodging


You had 3 spell levels left.
You didn't know any spells.

Dungeon Overview and Level Annotations

Branches:
Dungeon (3/15)

Altars:


Innate Abilities, Weirdness & Mutations

You have sharp fingernails.
You have a pair of small horns on your head.
You have sharp toenails.


Message History

The orc shouts! x2
Found a stone staircase leading down.
An orc priest comes into view.
As you read the scroll labeled XOTZUM HUQATOM, it crumbles to dust.
The creatures around you are filled with an inner flame!
It was a scroll of immolation.
Xom is highly amused!
The orc priest shouts!
You see here a bat skeleton.
You hit the orc.
The orc is poisoned.
The orc explodes!
The fiery explosion engulfs the orc.
The orc explodes!
The fiery explosion engulfs you!
Ouch! That really hurt!
* * * LOW HITPOINT WARNING * * *
You are engulfed in blazing flames.
Ouch! That really hurt!
You die...
Xom snickers!

#.. #.# ###.# #..<##
###########....#...
#...................
#........##.........
#...........#.......<
#......@.......##.#.#
#####§§#######.# .# #
##§# .. . #§## ##.
##o.#### ..
##..o...##
##........##
#..........#
#..........#


You could see an orc (inner flame).

Vanquished Creatures
  2 adders (D:2)
  An ooze (D:3)
  2 dart slugs (D:1)
  A leopard gecko (D:2)
  2 orcs (D:3)
  6 bats
  A giant cockroach (D:1)
  2 goblins
  4 hobgoblins
  A ball python (D:1)
  2 frilled lizards
  4 kobolds
  9 rats
37 creatures vanquished.

Vanquished Creatures (others)
  A worker ant (D:2)
1 creature vanquished.

Grand Total: 38 creatures vanquished

Notes
Turn   | Place    | Note
-------+----------+-------------------------------------------
     0 | D:1      | Merlin the Demonspawn Chaos Knight began the quest for the Orb.
     0 | D:1      | Reached XP level 1. HP: 18/18 MP: 1/1
   120 | D:1      | XOM: potion effect (might)
   175 | D:1      | Gained mutation: You have sharp fingernails. [demonic ancestry]
   175 | D:1      | Reached XP level 2. HP: 19/24 MP: 2/2
   317 | D:2      | Gained mutation: You have a pair of small horns on your head. [demonic ancestry]
   317 | D:2      | Reached XP level 3. HP: 18/29 MP: 3/3
   614 | D:2      | Reached skill level 1 in Dodging
   644 | D:2      | XOM: harmless Erth miscast
   647 | D:2      | XOM: divination: detect creatures
  1015 | D:2      | Gained mutation: You have sharp toenails. [demonic ancestry]
  1015 | D:2      | Reached XP level 4. HP: 27/35 MP: 4/4
  1037 | D:2      | XOM: harmless Fire miscast
  1048 | D:2      | XOM: divination: detect creatures
  1200 | D:3      | Engulfed by a cloud of flame

Skill      XL: |  1  2  3 |
---------------+----------+-----
Maces & Flails | 3 |  3.9
Armour         | 2 |  2.1
Dodging        | 1 |  1.3
Fighting       | |  3.6

Action                   |  1- 3 |  4- 6 || total
-------------------------+-------+-------++-------
Melee: Mace              |    67 |    11 ||    78
       Headbutt          |     3 |     4 ||     7
  Use: Scroll            |     2 |     1 ||     3
Armor: Leather armour    |    26 |       ||    26
Dodge: Dodged            |    49 |     4 ||    53
